 Dungeon Crawl Stone Soup version 0.25.1-2-g60ff931df9 (webtiles) character file.

Game seed: 8762082246475296348

17920 KittyFluff the Basher (level 12, -7/103 HPs)
             Began as a Green Draconian Berserker on Nov 11, 2020.
             Was a High Priest of Trog.
             Mangled by a jiangshi (25 damage)
             ... summoned by a vampire mage
             ... on level 11 of the Dungeon.
             The game lasted 01:52:10 (14965 turns).

KittyFluff the Basher (Green Draconian Berserker)  Turns: 14965, Time: 01:52:11

Health: -7/103     AC: 12    Str: 21    XL:     12   Next: 23%
Magic:  5/5        EV: 33    Int: 13    God:    Trog [*****.]
Gold:   641        SH:  0    Dex: 20    Spells: 11/11 levels left

rFire    . . .     SeeInvis +   a - +6 mace (antimagic)
rCold    . . .     Gourm    .   (no shield)
rNeg     + . .     Faith    .   (armour unavailable)
rPois    +         Spirit   .   (helmet restricted)
rElec    .         Reflect  .   l - +2 cloak {rPois}
rCorr    .         Harm     .   h - +0 pair of gloves
MR       +....                  (no boots)
Stlth    ++++++....             J - amulet of the Pariah {Acrobat +Blink rPois}
HPRegen  0.27/turn              T - ring of Shadows {Umbra +Inv Stlth+}
MPRegen  0.09/turn              Y - ring "Fajarr" {rN+ Int+5 Dex+6}

@: about to teleport, acrobat, wreathed by umbra
A: breathe noxious fumes, unfitting armour, see invisible, magic resistance 1,
poison resistance, cold-blooded, AC +8
a: Breathe Noxious Fumes, Berserk, Trog's Hand, Brothers in Arms, Renounce
Religion, Evoke Blink, Evoke Invisibility


You were on level 11 of the Dungeon.
You worshipped Trog.
Trog was extremely pleased with you.
You were near starving.

You visited 1 branch of the dungeon, and saw 11 of its levels.
You also visited: Ossuary.

You collected 641 gold pieces.

Inventory:

Hand Weapons
 a - a +6 antimagic mace (weapon)
 b - the +7 shortbow "Receopsi" {venom, rElec rC+ Int+3}
   (You found it on level 8 of the Dungeon)

   It poisons the ammo it fires.
   It affects your intelligence (+3).
   It protects you from cold.
   It insulates you from electricity.
 u - a +0 quarterstaff
 y - the +4 long sword "Xilyeh" {flame, +Blink rC- Dex+3 SInv}
   (You found it on level 11 of the Dungeon)

   It has been specially enchanted to burn those struck by it, causing extra
   injury to most foes and up to half again as much damage against particularly
   susceptible opponents.
   Big, fiery blades are also staple armaments of hydra-hunters.
   It affects your dexterity (+3).
   It makes you vulnerable to cold.
   It lets you see invisible.
   It lets you blink.
 E - a +2 giant spiked club
 K - a +1 morningstar of freezing
 Z - a +6 battleaxe of flaming
Missiles
 c - 54 poisoned darts (quivered)
 e - 108 sling bullets
 f - 72 arrows
 p - 7 silver javelins
 B - 11 atropa-tipped darts
 C - 9 boomerangs
 P - 42 bolts
Armour
 h - a +0 pair of gloves (worn)
 l - a +2 cloak of poison resistance (worn)
 v - a +0 kite shield
 x - a +0 cloak
 R - a +0 buckler
Jewellery
 t - an uncursed ring of stealth
 A - an uncursed ring of ice
 J - the amulet of the Pariah (around neck) {Acrobat +Blink rPois}
   (You found it on level 7 of the Dungeon)

   [amulet of the acrobat]

   It helps you evade while moving and waiting.
   It protects you from poison.
   It lets you blink.
 M - a +6 ring of dexterity
 S - an uncursed ring of flight
 T - the ring of Shadows (left hand) {Umbra +Inv Stlth+}
   (You found it on level 8 of the Dungeon)

   [ring of stealth]

   It lets you turn invisible.
   It makes you more stealthy.
 Y - the ring "Fajarr" (right hand) {rN+ Int+5 Dex+6}
   (You found it on level 8 of the Dungeon)

   [ring of positive energy]

   It affects your intelligence (+5).
   It affects your dexterity (+6).
   It protects you from negative energy.
Wands
 H - a wand of enslavement (8)
 I - a wand of flame (30)
 L - a wand of iceblast (18)
Scrolls
 d - a scroll of acquirement {unknown}
 m - 3 scrolls of magic mapping
 q - 6 scrolls of remove curse
 w - 2 scrolls of fog {unknown}
 z - 4 scrolls of enchant weapon
 D - 2 scrolls of teleportation
 F - 2 scrolls of fear {unknown}
 O - a scroll of brand weapon {unknown}
 U - a scroll of blinking {unknown}
 W - a scroll of summoning {unknown}
Potions
 g - 2 potions of resistance
 i - 4 potions of curing
 j - 5 potions of heal wounds
 k - 2 potions of berserk rage
 n - 2 potions of haste
 o - a potion of mutation
 r - 3 potions of stabbing
 s - 2 potions of invisibility
 G - 2 potions of ambrosia
 N - 2 potions of might
 Q - 2 potions of lignification
 V - a potion of flight {unknown}
Comestibles
 X - 16 rations


   Skills:
 + Level 8.6 Fighting
 + Level 1.5 Long Blades
 + Level 0.6(7.2) Axes
 + Level 11.3 Maces & Flails
   Level 0.9(3.6) Slings
 * Level 7.8 Bows
 + Level 5.7(5.8) Throwing
 + Level 7.8 Dodging
 + Level 4.3 Stealth
 + Level 2.9 Shields
 * Level 5.1 Evocations


You had 11 spell levels left.
You didn't know any spells.
Your spell library was empty.

Dungeon Overview and Level Annotations

Branches:
Dungeon (11/15)            Temple (0/1) D:7            Lair (0/6) D:11
    Orc (0/2) D:9         Ossuary (visited)

Altars:
Ashenzari
Cheibriados
Dithmenos
Elyvilon
Gozag
Hepliaklqana
Kikubaaqudgha
Makhleb
Nemelex Xobeh
Okawaru
Trog
Vehumet
Wu Jian
Yredelemnul
The Shining One


Innate Abilities, Weirdness & Mutations

You can breathe blasts of noxious fumes.
Your lurid green scales are hard. (AC +8)
You cannot fit into any form of body armour.
Your system is resistant to poisons. (rPois)
You are cold-blooded and may be slowed by cold attacks.
You have supernaturally acute eyesight. (SInv)
You are resistant to hostile enchantments. (MR+)


Message History

The jiangshi closely misses you.
The vampire mage falters for a moment.
The vampire hits you. The vampire misses you.
The flying skull hits you but does no damage.
The jiangshi closely misses you. The jiangshi claws you!
* * * LOW HITPOINT WARNING * * *
The jiangshi draws strength from your injuries!
The jiangshi closely misses you. The jiangshi completely misses you.
The jiangshi barely misses you. The jiangshi claws you!
* * * LOW HITPOINT WARNING * * *
The jiangshi draws strength from your injuries!
The vampire casts a spell.
The vampire flickers and vanishes for a moment.
The flying skull closely misses you.
The vampire mage points at you and mumbles some strange words.
The bolt of negative energy hits the shadow.
The shadow completely resists.
The bolt of negative energy hits the jiangshi.
The jiangshi completely resists.
The bolt of negative energy misses you. The jiangshi claws you!!
You die...

.....##.......#.[(...#
......#......##......#
####..#......#..(....############
...#..#......#(...........<......
...#..#......#..V................
...#..#......#...V...............
...#..'......#..W######..........
...'..#......'.zV# #..........
.###..######'#..@#....#......[...
.#...............#....#..####....
.+.....######....#....#..# #.....
.###...#....#....#....#.#####'#..
...'...#....#....#....#.#..#..#..
...#...#....#....##'###.#..#..#..
...#..##....#...........#..%.)#..
...#..#.....'...........#..#).#..
...#..#.....#..###'######..#..#..


You could see a jiangshi (summoned), a vampire mage (invisible), a vampire
(summoned, invisible), a shadow (summoned) and a flying skull (summoned).

Vanquished Creatures
  Snorg (D:11)
  Harold (D:11)
  A hydra (D:11)
  A two-headed ogre (D:10)
  Erica (D:9)
  A vampire mage (D:11)
  An unseen horror (D:11)
  Pikel (D:5)
  A cyclops (D:11)
  2 deep elf magi
  A naga mage (D:11)
  A komodo dragon (D:11)
  A kobold demonologist (D:11)
  4 trolls (D:9)
  A tengu conjurer (D:8)
  A hornet (D:10)
  2 hippogriffs
  3 hogs (D:11)
  A human (D:11)
  11 yaks
  A wyvern (D:10)
  A vampire mosquito (D:8)
  3 wargs (D:11)
  A soldier ant (D:10)
  A water moccasin (D:6)
  4 orc warriors
  4 ice beasts
  A hornet zombie (D:6)
  4 sky beasts
  2 black bears (D:8)
  3 phantoms
  7 ogres
  A centaur (D:8)
  2 big kobolds
  4 gnoll sergeants (D:9)
  7 bullfrogs
  A wyvern zombie (Ossuary)
  5 scorpions
  A water moccasin skeleton (D:10)
  3 killer bees (D:11)
  8 wights (D:9)
  3 crimson imps
  5 centaur zombies
  Crazy Yiuf (D:2)
  3 hounds
  6 orc priests
  3 bullfrog zombies
  2 jellies
  A bullfrog skeleton (D:4)
  10 orc wizards
  3 centaur skeletons
  Jessica (D:2)
  7 iguanas
  9 worker ants
  A killer bee zombie (Ossuary)
  4 hound zombies
  A hound skeleton (D:8)
  11 mummies (Ossuary)
  9 worker ant zombies
  13 adders
  6 gnolls
  3 shadow imps
  2 oozes
  8 adder zombies
  3 adder skeletons
  3 worms
  3 dart slugs
  5 leopard geckos
  38 orcs
  7 bats
  2 giant cockroaches
  8 goblins
  14 hobgoblins
  13 jackals
  9 kobolds
  5 quokkas
  3 ball pythons
  8 frilled lizards
  A giant cockroach zombie (Ossuary)
  2 jackal zombies
  2 leopard gecko zombies (Ossuary)
  3 quokka zombies (Ossuary)
  6 rats
348 creatures vanquished.

Vanquished Creatures (collateral kills)
  A gnoll sergeant (D:9)
1 creature vanquished.

Vanquished Creatures (others)
  An orc warrior (D:9)
  A crimson imp (D:5)
  A hound (D:5)
  A centaur skeleton (D:5)
  3 orcs
  2 giant cockroaches (D:5)
  A withered plant (Ossuary)
10 creatures vanquished.

Grand Total: 359 creatures vanquished

Notes
Turn   | Place    | Note
-------+----------+-------------------------------------------
     0 | D:1      | KittyFluff the Draconian Berserker began the quest for the
                  | Orb.
     0 | D:1      | Reached XP level 1. HP: 19/19 MP: 1/1
    68 | D:1      | Reached XP level 2. HP: 23/26 MP: 2/2
   589 | D:1      | Found a glowing golden altar of the Shining One.
   696 | D:2      | Reached XP level 3. HP: 32/33 MP: 3/3
   865 | D:2      | Found a runed translucent door.
   866 | D:2      | Noticed Crazy Yiuf
   874 | D:2      | Killed Crazy Yiuf
   874 | D:2      | Reached skill level 4 in Maces & Flails
   874 | D:2      | Reached XP level 4. HP: 25/40 MP: 4/4
  1107 | D:2      | Noticed Jessica
  1113 | D:2      | Killed Jessica
  1188 | D:2      | Reached ** piety under Trog
  1188 | D:2      | Reached XP level 5. HP: 41/46 MP: 5/5
  1529 | D:2      | Reached skill level 1 in Stealth
  2177 | D:3      | Reached skill level 1 in Throwing
  2187 | D:3      | Reached skill level 5 in Maces & Flails
  2197 | D:3      | Reached XP level 6. HP: 31/53 MP: 6/6
  3332 | D:4      | Reached *** piety under Trog
  3525 | D:4      | Found a snail-covered altar of Cheibriados.
  3636 | D:4      | Your scales start taking on a lurid green colour.
  3636 | D:4      | Reached XP level 7. HP: 60/60 MP: 7/7
  3636 | D:4      | Gained mutation: Your system is resistant to poisons.
                  | (rPois) [Green Draconian growth]
  3732 | D:4      | Found a radiant altar of Vehumet.
  3754 | D:4      | You fall into a shaft and drop 3 floors!
  3785 | D:7      | Reached skill level 6 in Maces & Flails
  3845 | D:7      | Found a sand-covered staircase.
  3850 | Ossuary  | Entered an ossuary
  4416 | Ossuary  | Reached XP level 8. HP: 5/67 MP: 8/8
  4466 | Ossuary  | Reached skill level 5 in Fighting
  4594 | Ossuary  | Reached **** piety under Trog
  4786 | Ossuary  | Reached skill level 7 in Maces & Flails
  4963 | D:7      | Reached skill level 5 in Dodging
  4988 | D:7      | Found a staircase to the Ecumenical Temple.
  4999 | D:7      | Got a warped bone amulet
  5143 | D:6      | Found an ornate altar of the Wu Jian Council.
  5355 | D:5      | Entered Level 5 of the Dungeon
  5677 | D:5      | Noticed Pikel
  5716 | D:5      | Killed Pikel
  5716 | D:5      | Reached skill level 8 in Maces & Flails
  5716 | D:5      | Reached XP level 9. HP: 60/77 MP: 9/9
  6076 | D:5      | Found a burning altar of Makhleb.
  6412 | D:4      | Identified the amulet of the Pariah {Acrobat +Blink rPois}
                  | (You found it on level 7 of the Dungeon)
  6471 | D:5      | Found an iron altar of Okawaru.
  6582 | D:5      | Found a burning altar of Makhleb.
  6741 | D:5      | Reached ***** piety under Trog
  7227 | D:6      | Got a fine robe
  7283 | D:6      | Found a shadowy altar of Dithmenos.
  7503 | D:6      | Reached skill level 9 in Maces & Flails
  7717 | D:6      | Found a sparkling altar of Nemelex Xobeh.
  7889 | D:6      | Gained mutation: You are resistant to hostile enchantments.
                  | (MR+) [potion of mutation]
  7889 | D:6      | Gained mutation: You have supernaturally acute eyesight.
                  | (SInv) [potion of mutation]
  7904 | D:7      | Found a white marble altar of Elyvilon.
  8151 | D:7      | Found a bloodstained altar of Trog.
  8613 | D:8      | Found an opulent altar of Gozag.
  8620 | D:8      | Found a shattered altar of Ashenzari.
  8621 | D:8      | Found a basalt altar of Yredelemnul.
  8675 | D:8      | Noticed a tengu conjurer
  8804 | D:8      | Found a sparkling altar of Nemelex Xobeh.
  8810 | D:8      | Reached skill level 1 in Shields
  9234 | D:8      | Killed a tengu conjurer
  9234 | D:8      | Reached XP level 10. HP: 86/86 MP: 10/10
  9487 | D:8      | Found the ring of Shadows {Umbra +Inv Stlth+}
  9489 | D:8      | Noticed a deep elf mage
  9593 | D:8      | Got an ichor-stained shortbow
  9598 | D:8      | Killed a deep elf mage
  9693 | D:8      | Identified the +7 shortbow "Receopsi" {venom, rElec rC+
                  | Int+3} (You found it on level 8 of the Dungeon)
  9822 | D:8      | Reached skill level 5 in Throwing
  9867 | D:8      | Got a faintly glowing wooden ring
  9877 | D:8      | Identified the ring "Fajarr" {rN+ Int+5 Dex+6} (You found
                  | it on level 8 of the Dungeon)
  9925 | D:9      | Noticed Erica
  9942 | D:9      | Killed Erica
  9942 | D:9      | Reached skill level 10 in Maces & Flails
  9942 | D:9      | Reached skill level 1 in Bows
  9942 | D:9      | Reached skill level 1 in Evocations
 10215 | D:9      | Found an ancient bone altar of Kikubaaqudgha.
 10925 | D:9      | Received a gift from Trog
 11016 | D:9      | Found a staircase to the Orcish Mines.
 11067 | D:9      | Reached XP level 11. HP: 67/93 MP: 4/13
 11823 | D:10     | Entered Level 10 of the Dungeon
 12193 | D:10     | Found a hazy altar of Hepliaklqana.
 12262 | D:10     | Noticed a two-headed ogre
 12270 | D:10     | Killed a two-headed ogre
 12845 | D:10     | Reached skill level 5 in Bows
 13201 | D:11     | Noticed Harold
 13225 | D:11     | Killed Harold
 13398 | D:11     | Reached skill level 11 in Maces & Flails
 13474 | D:11     | Found a staircase to the Lair.
 13601 | D:11     | Noticed an unseen horror
 13674 | D:11     | Noticed Snorg
 13689 | D:11     | Killed an unseen horror
 13705 | D:11     | Killed Snorg
 13941 | D:11     | Got a brightly glowing long sword
 13942 | D:11     | Identified the +4 long sword "Xilyeh" {flame, +Blink rC-
                  | Dex+3 SInv} (You found it on level 11 of the Dungeon)
 14392 | D:11     | Noticed a seven-headed hydra
 14402 | D:11     | Killed a four-headed hydra
 14402 | D:11     | Reached XP level 12. HP: 86/103 MP: 15/15
 14597 | D:11     | Received a gift from Trog
 14691 | D:11     | Reached skill level 1 in Long Blades
 14691 | D:11     | Reached skill level 5 in Evocations
 14749 | D:11     | Noticed a vampire mage
 14780 | D:11     | Killed a vampire mage
 14941 | D:11     | Noticed a vampire mage
 14959 | D:11     | Noticed a jiangshi
 14965 | D:11     | Mangled by a jiangshi

Illustrated notes

Levels and vault maps discovered:
D:1:      minmay_arrival_open_corners, layout_rooms, wad_floor_pattern_1,
          tso_altar
D:2:      wander_river, layout_loops_ring, uniq_jessica, uniq_crazy_yiuf_cottage
D:3:      layout_basic
D:4:      layout_cave_pools, vehumet_crystals, lemuel_round_altar
D:5:      layout_rooms, kennysheep_mini, okawaru_altar_gauntlet_db, basic_altar,
          first_ration, minmay_diced_spiral, uniq_pikel
D:6:      lemuel_upstairs_altar, layout_loops_ring, grunt_dithmenos_smoke,
          nicolae_overflow_hidden_temple, serial_bayou_pond_b,
          nemelex_diamond_rough_becter
D:7:      layout_loops_ring, minmay_temple_entry_butterflies, basic_altar,
          enter_bailey_2, enter_ossuary_2, chequers_jeans, eino_curves_01,
          trog_butcher_becter
D:8:      layout_cave_pods, gammafunk_temple_overflow_forgotten,
          lemuel_crystal_altar, minmay_diamond_spiral
D:9:      layout_irregular_city, overflow_temple_1_default,
          kennysheep_orc_monster_closet_entryway, uniq_erica
D:10:     layout_irregular_city, basic_altar
D:11:     evilmike_library_of_no_secrets, layout_irregular_city,
          erik_lair_orcish_takeover, grunt_livestock, uniq_harold, uniq_snorg

Skill      XL: |  1  2  3  4  5  6  7  8  9 10 11 12 |
---------------+-------------------------------------+-----
Dodging        | 3 4 5 6 7 |  7.8
Maces & Flails | 4 5 6 8 9 10 11 | 11.3
Fighting       | 4 6 7 8 |  8.6
Stealth        | 1 2 3 4 |  4.3
Throwing       | 1 2 3 4 5 |  5.7
Shields        | 1 2 |  2.9
Bows           | 3 7 |  7.8
Evocations     | 2 4 5 |  5.1
Long Blades    | 1 |  1.5
Axes           | |  0.6
Slings         | |  0.9

Action                   |  1- 3 |  4- 6 |  7- 9 | 10-12 || total
-------------------------+-------+-------+-------+-------++-------
Melee: Mace              |    80 |   233 |   673 |   430 ||  1416
       Tailslap          |     2 |    32 |   139 |   116 ||   289
       War axe           |       |       |     8 |       ||     8
       Long sword        |       |       |       |    29 ||    29
 Fire: Hunting sling     |       |       |     8 |       ||     8
       Shortbow          |       |       |       |   191 ||   191
Throw: Dart              |    12 |    54 |    91 |    36 ||   193
Invok: Berserk           |     1 |     1 |     2 |     3 ||     7
 Abil: Breathe Noxious F |       |       |     2 |     9 ||    11
  Use: Scroll            |       |     5 |    12 |     4 ||    21
       Potion            |       |       |     1 |     3 ||     4
 Stab: Sleeping          |     1 |     3 |     3 |     1 ||     8
       Confused          |       |       |     1 |     9 ||    10
  Eat: Chunk             |       |    10 |    18 |    18 ||    46
       Ration            |       |       |     1 |     1 ||     2
Armor: Skin              |    21 |    82 |   165 |   108 ||   376
Dodge: Dodged            |    63 |   221 |   433 |   451 ||  1168
Block: Buckler           |       |       |    18 |     5 ||    23
       Rpst.: Long sword |       |       |       |    21 ||    21
